 Dungeon Crawl Stone Soup version 0.20.1-1-g8b1a95d (webtiles) character file.

102 kae the Firebug (level 4, -1/24 HPs)
             Began as a Tengu Fire Elementalist on Sept 25, 2017.
             Slain by Natasha (2 damage)
             ... on level 2 of the Dungeon.
             The game lasted 00:02:28 (1505 turns).

kae the Firebug (Tengu Fire Elementalist)           Turns: 1505, Time: 00:02:29

Health: -1/24      AC:  2    Str:  9    XL:     4   Next: 78%
Magic:  0/9        EV: 12    Int: 16    God:
Gold:   71         SH:  0    Dex: 14    Spells: 0/9 levels left

rFire    . . .     SeeInvis .   l - +0 spear
rCold    . . .     Gourm    .   (no shield)
rNeg     . . .     Faith    .   a - +0 robe
rPois    .         Spirit   .   (helmet restricted)
rElec    .         Reflect  .   (no cloak)
rCorr    .         Harm     .   (no gloves)
MR       .....                  (boots unavailable)
Stlth    ++........             (no amulet)
Regen    0.1/turn               (no ring)
MPRegen  0.2/turn               (no ring)

@: very slightly contaminated
A: beak, talons 3
a: no special abilities


You were on level 2 of the Dungeon.
You were not hungry.

You visited 1 branch of the dungeon, and saw 2 of its levels.

You collected 71 gold pieces.

Inventory:

Hand Weapons
 k - a +0 mace
 l - a +0 spear (weapon)
Armour
 a - a +0 robe (worn)
Wands
 o - a wand of random effects (22/48)
Scrolls
 d - a scroll of magic mapping
 h - a scroll of noise {unknown}
 n - 2 scrolls of amnesia {unknown}
 q - a scroll of random uselessness {unknown}
 r - a scroll of teleportation
 t - a scroll of identify
Potions
 e - 2 potions of might
 i - a potion of magic {unknown}
 j - a potion of curing {unknown}
 m - 2 potions of degeneration {unknown}
 p - a potion of heal wounds
Books
 b - a book of Flames

   Spells                             Type                      Level
   a - Flame Tongue                   Conjuration/Fire             1
   b - Throw Flame                    Conjuration/Fire             2
   c - Conjure Flame                  Conjuration/Fire             3
   d - Inner Flame                    Hexes/Fire                   3
   e - Sticky Flame                   Conjuration/Fire             4
   f - Fireball                       Conjuration/Fire             5
Comestibles
 c - a bread ration
 f - 2 meat rations
 g - a royal jelly
 s - a fruit
 u - a chunk of flesh


   Skills:
 - Level 2.1 Dodging
 - Level 2.0 Stealth
 + Level 3.0 Spellcasting
 + Level 3.6 Conjurations
 + Level 4.1 Fire Magic


You couldn't memorise any spells.
You knew the following spells:

 Your Spells              Type           Power        Failure   Level  Hunger
a - Flame Tongue          Conj/Fire      ##...        3%          1    #......
b - Throw Flame           Conj/Fire      ##....       5%          2    ##.....
c - Conjure Flame         Conj/Fire      ##......     11%         3    ###....
d - Inner Flame           Hex/Fire       #.......     24%         3    ###....


Dungeon Overview and Level Annotations

Branches:
Dungeon (2/15)

Altars:
Okawaru

Annotations:
D:2 Natasha


Innate Abilities, Weirdness & Mutations

You have a beak for a mouth.
You have claws for feet.


Message History

You are very lightly contaminated with residual magic.
Heat runs through your body. Natasha claws you.
Casting: Inner Flame
Confirm with . or Enter, or press ? or * to list all spells.
Aiming: Inner Flame
Press: ? - help, Shift-Dir - straight line, f/p - Natasha
Aim: Natasha (chance to defeat MR: 56%) Natasha resists with significant effort.
Natasha claws you!
Casting: Inner Flame
Confirm with . or Enter, or press ? or * to list all spells.
Aiming: Inner Flame
Press: ? - help, Shift-Dir - straight line, f/p - Natasha
Aim: Natasha (chance to defeat MR: 56%) Natasha is filled with an inner flame.
Natasha claws you!
* * * LOW HITPOINT WARNING * * *
You hit Natasha.
Natasha is lightly wounded.
Natasha claws you.
You die...

##########*###*
#.@h......,,..*
#.########**#.#
#.# ##.## #.#
##...## #.#
#####.....###
##########.#
#............
#......)...#
#.###.....###
######.#######..#
#.# ##...##
.....#)# #..# #.#
##.##


You could see Natasha (inner flame).

Vanquished Creatures
  Terence (D:2)
  Jessica (D:2)
  An adder (D:1)
  A dart slug (D:2)
  2 leopard geckos
  A giant cockroach (D:2)
  4 goblins
  4 hobgoblins
  3 jackals (D:2)
  7 kobolds
  A quokka (D:2)
  3 bats (D:1)
  A frilled lizard (D:2)
  7 rats
37 creatures vanquished.

Vanquished Creatures (others)
  3 octopodes (D:1)
  A vine stalker (D:1)
  2 gargoyles (D:1)
  2 spriggans (D:1)
  A formicid (D:1)
  2 dwarves (D:1)
  A centaur (D:1)
  8 tentacles (D:1)
20 creatures vanquished.

Grand Total: 57 creatures vanquished

Notes
Turn   | Place    | Note
-------+----------+-------------------------------------------
     0 | D:1      | kae the Tengu Fire Elementalist began the quest for the Orb.
     0 | D:1      | Reached XP level 1. HP: 10/10 MP: 4/4
     0 | D:1      | Noticed a spriggan
     0 | D:1      | Noticed a gargoyle
     0 | D:1      | Noticed a dwarf
     0 | D:1      | Noticed an octopode
     0 | D:1      | Noticed a spriggan
     0 | D:1      | Noticed a centaur
     0 | D:1      | Noticed a kraken
     0 | D:1      | Noticed a dwarf
     0 | D:1      | Noticed an octopode
     0 | D:1      | Noticed a gargoyle
     0 | D:1      | Noticed an octopode
     0 | D:1      | Noticed a formicid
     0 | D:1      | Noticed a vine stalker
     3 | D:1      | Killed a spriggan
     5 | D:1      | Killed a gargoyle
     6 | D:1      | Killed an octopode
     7 | D:1      | Killed an octopode
     8 | D:1      | Killed a spriggan
     8 | D:1      | Killed an octopode
    12 | D:1      | Killed a gargoyle
    13 | D:1      | Killed a centaur
    15 | D:1      | Killed a dwarf
    15 | D:1      | Killed a vine stalker
    15 | D:1      | Killed a dwarf
    17 | D:1      | Killed a formicid
   151 | D:1      | Reached XP level 2. HP: 15/15 MP: 3/6
   304 | D:1      | Found an iron altar of Okawaru.
   366 | D:1      | Reached XP level 3. HP: 19/19 MP: 2/7
   370 | D:1      | Learned a level 2 spell: Throw Flame
   374 | D:1      | Learned a level 3 spell: Conjure Flame
   900 | D:2      | Noticed Jessica
   911 | D:2      | Killed Jessica
   911 | D:2      | Reached skill level 4 in Fire Magic
   911 | D:2      | Reached XP level 4. HP: 18/24 MP: 6/9
  1269 | D:2      | Noticed Terence
  1289 | D:2      | Killed Terence
  1494 | D:2      | Noticed Natasha
  1500 | D:2      | Learned a level 3 spell: Inner Flame
  1504 | D:2      | HP: 1/24 [Natasha (7)]
  1505 | D:2      | Slain by Natasha

Skill      XL: |  1  2  3  4 |
---------------+-------------+-----
Conjurations   | 2 3 |  3.6
Fire Magic     | 4 |  4.1
Spellcasting   | 3 |  3.0
Dodging        | |  2.1
Stealth        | |  2.0

Action                   |  1- 3 |  4- 6 || total
-------------------------+-------+-------++-------
Melee: Unarmed           |     5 |       ||     5
       Peck              |     2 |       ||     2
       Spear             |     7 |    15 ||    22
       Kick              |     1 |     1 ||     2
 Cast: Flame Tongue      |    38 |    17 ||    55
       Throw Flame       |     1 |       ||     1
       Inner Flame       |       |     2 ||     2
       Conjure Flame     |       |     1 ||     1
  Use: Scroll            |     4 |       ||     4
 Stab: Sleeping          |     1 |       ||     1
  Eat: Chunk             |       |     3 ||     3
Armor: Robe              |     6 |     1 ||     7
Dodge: Dodged            |    22 |     4 ||    26
